 Dungeon Crawl Stone Soup version 0.21.1-1-g345015f (webtiles) character file.

1891 mrmercer the Cudgeler (level 8, -4/70 HPs)
             Began as a Pale Draconian Berserker on July 3, 2018.
             Was an Elder of Trog.
             Killed by divine providence
             ... invoked by an orc priest
              (10 damage)
             ... on level 9 of the Dungeon.
             The game lasted 00:37:06 (4153 turns).

mrmercer the Cudgeler (Pale Draconian Berserker)    Turns: 4153, Time: 00:37:06

Health: -4/70      AC: 18    Str: 22    XL:     8   Next: 93%
Magic:  8/8        EV: 18    Int:  8    God:    Trog [****..]
Gold:   117        SH: 11    Dex: 15    Spells: 7/7 levels left

rFire    . . .     SeeInvis .   q - +4 mace (protect)
rCold    + + .     Gourm    +   x - +2 shield of Resistance {rF+ rC+ MR+}
rNeg     . . .     Faith    .   (armour unavailable)
rPois    .         Spirit   .   n - +1 hat
rElec    .         Reflect  .   s - +0 cloak
rCorr    .         Harm     .   (no gloves)
MR       +....                  (no boots)
Stlth    +++.......             d - amulet of the gourmand
HPRegen  0.21/turn              z - +3 ring of protection
MPRegen  0.11/turn              j - ring of ice

@: agile, about to teleport, protection aura, berserk cooldown, slowed, very
slow
A: breathe steam, unfitting armour, cold-blooded, AC +6
a: Breathe Steam, Berserk, Trog's Hand, Brothers in Arms, Burn Spellbooks,
Renounce Religion


You were on level 9 of the Dungeon.
You worshipped Trog.
Trog was greatly pleased with you.
You were very full.

You visited 2 branches of the dungeon, and saw 8 of its levels.

You collected 243 gold pieces.
You spent 126 gold pieces at shops.

Inventory:

Hand Weapons
 a - a +0 falchion
 q - a +4 mace of protection (weapon)
 r - a +2 quarterstaff of chaos
 y - a +0 hunting sling
Missiles
 m - 2 tomahawks of returning (quivered)
Armour
 n - a +1 hat (worn)
 s - a +0 cloak (worn)
 w - a +0 buckler
 x - the +2 shield of Resistance (worn) {rF+ rC+ MR+}
   (You found it on level 4 of the Dungeon)

   It protects you from fire.
   It protects you from cold.
   It affects your resistance to hostile enchantments.
Jewellery
 d - an amulet of the gourmand (around neck)
 j - a ring of ice (right hand)
 u - an uncursed ring of protection from fire
 z - a +3 ring of protection (left hand)
Wands
 p - a wand of random effects (30)
Scrolls
 g - a scroll of enchant armour {unknown}
 i - 3 scrolls of remove curse
 k - 3 scrolls of enchant weapon
 l - a scroll of teleportation
 o - 5 scrolls of identify
 t - 2 scrolls of immolation {unknown}
 v - a scroll of fog {unknown}
Potions
 c - a potion of agility
 e - a potion of berserk rage {unknown}
 f - a potion of cancellation {unknown}
 h - a potion of curing {unknown}
 A - a potion of lignification {unknown}
 B - 2 potions of magic {unknown}
Comestibles
 b - 8 rations
 C - a chunk of flesh


   Skills:
 + Level 5.8 Fighting
 + Level 4.5 Long Blades
 + Level 7.3 Maces & Flails
 + Level 5.4 Dodging
 + Level 2.6 Stealth
 + Level 2.9 Shields


You had 7 spell levels left.
You didn't know any spells.

Dungeon Overview and Level Annotations

Branches:
Dungeon (7/15)             Temple (1/1) D:7

Altars:
Ashenzari
Cheibriados
Dithmenos
Elyvilon
Hepliaklqana
Kikubaaqudgha
Makhleb
Okawaru
Qazlal
Ru
Sif Muna
Trog
Uskayaw
Vehumet
Wu Jian
Xom
Yredelemnul
The Shining One

Shops:
D:5 ?


Innate Abilities, Weirdness & Mutations

You can breathe blasts of scalding, opaque steam.
Your pale cyan-grey scales are hard. (AC +6)
You cannot fit into any form of body armour.
You are cold-blooded and may be slowed by cold attacks.


Message History

As you read the scroll labeled DENATZAIMA, it crumbles to dust.
You feel strangely unstable.
It was a scroll of teleportation.
The black bear bites you but does no damage.
You block the black bear's attack. The black bear barely misses you.
The orc wizard hits you but does no damage.
You block the orc priest's attack.
The orc priest invokes the aid of Beogh against you.
Pain shoots through your body!
* * * LOW HITPOINT WARNING * * *
The black bear bites you.
* * * LOW HITPOINT WARNING * * *
You block the black bear's attack.
The black bear claws you but does no damage.
The orc wizard hits you but does no damage.
It was a potion of agility.
You feel agile all of a sudden. You block the orc priest's attack.
The orc priest calls down the wrath of Beogh upon you.
Beogh smites you!
You die...

# #.########
#....o...#
#..†@o...#
#..ho)>..#
#.(......#
..........#
......(......)
##....)........
#.......<.....
#......#......


You could see a black bear, 2 orc priests and an orc wizard.

Vanquished Creatures
  Joseph (D:7)
  A sky beast (D:7)
  2 ice beasts (D:5)
  2 phantoms
  A centaur (D:5)
  An ogre (D:7)
  A big kobold (D:9)
  A scorpion (D:7)
  A howler monkey (D:4)
  A bullfrog skeleton (D:5)
  3 hounds
  3 jellies (D:5)
  Crazy Yiuf (D:2)
  A centaur skeleton (D:7)
  An orc priest (D:4)
  2 orc wizards (D:4)
  Ijyb (D:4)
  6 worker ants
  Robin (D:2)
  A worker ant zombie (D:7)
  8 adders
  A shadow imp (D:7)
  An ooze (D:1)
  3 adder skeletons
  4 worms
  3 dart slugs
  8 leopard geckos
  10 orcs
  6 giant cockroaches
  18 goblins
  12 hobgoblins
  13 jackals
  11 kobolds
  2 quokkas
  4 bats
  5 frilled lizards
  6 rats
147 creatures vanquished.

Notes
Turn   | Place    | Note
-------+----------+-------------------------------------------
     0 | D:1      | mrmercer the Draconian Berserker began the quest for the Orb.
     0 | D:1      | Reached XP level 1. HP: 19/19 MP: 1/1
    91 | D:1      | Reached XP level 2. HP: 20/26 MP: 2/2
   384 | D:1      | Reached XP level 3. HP: 26/33 MP: 3/3
   596 | D:2      | Reached ** piety under Trog
   801 | D:2      | Noticed Robin
   812 | D:2      | Killed Robin
   833 | D:2      | Found a faded altar of an unknown god.
   912 | D:2      | Reached XP level 4. HP: 36/40 MP: 4/4
  1243 | D:2      | Found a runed door.
  1247 | D:2      | Noticed Crazy Yiuf
  1252 | D:2      | Killed Crazy Yiuf
  1819 | D:3      | Reached XP level 5. HP: 33/46 MP: 5/5
  2205 | D:3      | Reached skill level 1 in Maces & Flails
  2232 | D:4      | Noticed a phantom
  2244 | D:4      | Reached *** piety under Trog
  2247 | D:4      | Killed a phantom
  2247 | D:4      | Reached skill level 2 in Maces & Flails
  2247 | D:4      | Reached XP level 6. HP: 48/53 MP: 6/6
  2263 | D:4      | Reached skill level 1 in Stealth
  2275 | D:4      | Reached skill level 3 in Maces & Flails
  2484 | D:4      | Found a shattered altar of Ashenzari.
  2760 | D:4      | Noticed Ijyb
  2776 | D:4      | Killed Ijyb
  2776 | D:4      | Your scales start taking on a pale cyan-grey colour.
  2776 | D:4      | Reached XP level 7. HP: 60/60 MP: 7/7
  2788 | D:4      | Found the +2 shield of Resistance {rF+ rC+ MR+}
  2883 | D:4      | Reached skill level 4 in Maces & Flails
  2988 | D:5      | Entered Level 5 of the Dungeon
  3058 | D:5      | Reached skill level 5 in Fighting
  3111 | D:5      | Found Ushuem's Magic Scroll Shop.
  3121 | D:5      | Bought a scroll of identify for 22 gold pieces
  3121 | D:5      | Bought a scroll of enchant weapon for 82 gold pieces
  3121 | D:5      | Bought a scroll of identify for 22 gold pieces
  3143 | D:5      | Reached skill level 5 in Maces & Flails
  3235 | D:5      | Reached skill level 1 in Shields
  3328 | D:5      | Reached XP level 8. HP: 68/68 MP: 8/8
  3389 | D:5      | Found a sacrificial altar of Ru.
  3407 | D:5      | You fall through a shaft for 2 floors!
  3413 | D:7      | Reached **** piety under Trog
  3484 | D:7      | Reached skill level 6 in Maces & Flails
  3500 | D:7      | Found a staircase to the Ecumenical Temple.
  3508 | Temple   | Entered the Ecumenical Temple
  3763 | D:7      | Reached skill level 5 in Dodging
  3840 | D:7      | Noticed Joseph
  3864 | D:7      | Killed Joseph
  3864 | D:7      | Reached skill level 7 in Maces & Flails
  4130 | D:7      | You fall through a shaft for 2 floors!
  4153 | D:9      | Killed from afar by an orc priest

Skill      XL: |  1  2  3  4  5  6  7  8 |
---------------+-------------------------+-----
Dodging        | 3 4 5 |  5.4
Fighting       | 4 5 |  5.8
Long Blades    | 4 |  4.5
Maces & Flails | 2 3 5 7 |  7.3
Stealth        | 1 2 |  2.6
Shields        | 1 2 |  2.9

Action                   |  1- 3 |  4- 6 |  7- 9 || total
-------------------------+-------+-------+-------++-------
Melee: Falchion          |    92 |     2 |       ||    94
       Tailslap          |     9 |    23 |    28 ||    60
       Mace              |       |   173 |   187 ||   360
Invok: Berserk           |     2 |     2 |     1 ||     5
       Trog's Hand       |       |     1 |       ||     1
  Use: Scroll            |     3 |     5 |     3 ||    11
       Potion            |       |       |     1 ||     1
 Stab: Invisible         |       |     1 |       ||     1
       Sleeping          |       |     1 |     4 ||     5
  Eat: Chunk             |     2 |    14 |     5 ||    21
       Ration            |       |     1 |       ||     1
Armor: Skin              |    24 |    71 |    88 ||   183
Dodge: Dodged            |    67 |   126 |    88 ||   281
Block: Shield            |       |       |    94 ||    94
       Rpst.: Falchion   |    18 |     1 |       ||    19
